 Dungeon Sprint DCSS version 0.21-a0-251-g5e8393f (webtiles) character file.

8029 Kidiri the Eclecticist (level 11, -1/66 HPs)
             Began as a Deep Elf Fire Elementalist on Sept 5, 2017.
             Was the Champion of Vehumet.
             Slain by Urug
             ... wielding a +6 double sword
              (23 damage)
             ... in the Dungeon (Sprint III: "The Ten Rune Challenge").
             The game lasted 00:19:37 (3115 turns).

Kidiri the Eclecticist (Deep Elf Fire Elementalist) Turns: 3115, Time: 00:19:38

Health: -1/66      AC:  6    Str:  5    XL:     11   Next: 4%
Magic:  20/33      EV: 19    Int: 26    God:    Vehumet [******]
Gold:   64         SH:  0    Dex: 15    Spells: 12/42 levels left

rFire    . . .     SeeInvis .   v - +0 dagger
rCold    . . .     Gourm    .   (no shield)
rNeg     . . .     Faith    .   a - +1 robe {MR+}
rPois    .         Spirit   .   (no helmet)
rElec    .         Reflect  .   k - +0 cloak
rCorr    .         Harm     .   (no gloves)
MR       ++...     NoTele   +   j - +0 pair of boots
Stlth    ++........             (no amulet)
HPRegen  0.21/turn              (no ring)
MPRegen  0.23/turn              (no ring)

@: no status effects
A: clever 1, mutation resistance 1
a: Renounce Religion


You were in the Dungeon.
You worshipped Vehumet.
Vehumet was exalted by your worship.
You were not hungry.

You visited 1 branch You collected 64 gold pieces.

Inventory:

Hand Weapons
 v - a +0 dagger (weapon)
Armour
 a - a +1 robe of magic resistance (worn)
 j - a +0 pair of boots (worn)
 k - a +0 cloak (worn)
Scrolls
 i - a scroll of blinking
 m - 2 scrolls of torment {unknown}
 o - a scroll of magic mapping {unknown}
 r - a scroll of remove curse {unknown}
 s - a scroll of enchant armour {unknown}
Potions
 b - a potion of might
 e - 2 potions of heal wounds
 f - a potion of haste
 g - 2 potions of magic
 h - a potion of berserk rage
 l - 3 potions of mutation
 q - a potion of brilliance
 u - a potion of flight
Comestibles
 c - a bread ration
 n - 23 royal jellies
 p - 4 chunks of flesh


   Skills:
 + Level 6.4 Fighting
 + Level 7.5 Short Blades
 + Level 6.4 Armour
 + Level 9.6 Dodging
 - Level 2.4 Stealth
 * Level 16.4 Spellcasting
 + Level 10.5 Conjurations
 + Level 11.0 Fire Magic
 + Level 6.0 Ice Magic
 + Level 7.7 Air Magic
 + Level 8.4 Poison Magic


You had 12 spell levels left.
You knew the following spells:

 Your Spells              Type           Power        Failure   Level  Hunger
a - Flame Tongue          Conj/Fire      #####        1%          1    None
b - Throw Flame           Conj/Fire      ######       1%          2    None
c - Conjure Flame         Conj/Fire      ######..     1%          3    None
d - Inner Flame           Hex/Fire       ######..     1%          3    None
e - Ignite Poison         Fire/Tmut/Pois ######..     1%          3    None
f - Sticky Flame          Conj/Fire      ######..     1%          4    None
g - Fireball              Conj/Fire      ######....   1%          5    None
h - Throw Frost           Conj/Ice       ######       1%          2    None
i - Airstrike             Air            ######....   1%          4    None
j - Mephitic Cloud        Conj/Pois/Air  ######..     1%          3    None


Dungeon Overview and Level Annotations

Branches:
Dungeon (1/1)

Altars:
Cheibriados
Dithmenos
Elyvilon
Fedhas
Gozag
Hepliaklqana
Kikubaaqudgha
Makhleb
Nemelex Xobeh
Okawaru
Qazlal
Ru
Sif Muna
Trog
Uskayaw
Vehumet
Wu Jian
Xom
Yredelemnul
Zin
The Shining One
Beogh
Jiyva
Lugonu

Annotations:
D exclusion: 2 doors, Urug


Innate Abilities, Weirdness & Mutations

Your mind is acute. (Int +2)
You are somewhat resistant to further mutation.


Message History

Urug hits the redback with an enchanted double sword!!
The redback is killed!
Vehumet accepts your kill.
Unknown command.
Casting: Sticky Flame
Confirm with . or Enter, or press ? or * to list all spells.
Okay, then.
You feel better.
Unknown command.
Casting: Sticky Flame
Confirm with . or Enter, or press ? or * to list all spells.
Aiming: Sticky Flame
Press: ? - help, Shift-Dir - straight line, f - Urug
Aim: Urug, wielding an enchanted double sword and wearing a scale mail (flame, moderately wounded, confused)
The sticky flame hits Urug.
Urug is moderately wounded.
Urug is covered in liquid flames!
Urug seems less confused.
Urug burns!
Urug is engulfed in blazing flames.
Urug hits you with an enchanted double sword!!
You die...

▓▓▓▓▓▓▓▓▓▓▓▓▓▓▓▓▓▓▓▓▓▓▓▓▓▓▓▓▓▓#.#
♣♣≈≈≈........≈≈≈...##.
+♣♣'♣≈≈≈≈≈≈≈≈≈≈≈≈♣♣P.'.#
#.≈♣♣♣♣♣♣♣♣♣♣♣♣♣♣♣♣PP##. #..♣♣
♣♣♣##+ ###'♣♣♣♣♣ ♣♣♣♣.##..##
♣...##.##.# ♣♣.##.##@##
♣..#.##§o§# ♣♣.##.##§§# ♣♣.##.#
### ♣.....# #######


You could see Urug (burning).

Vanquished Creatures
  Snorg (D)
  A centaur warrior (D)
  2 unseen horrors (D)
  A lindwurm (D)
  A deep elf mage (D)
  2 spiny frogs (D)
  A komodo dragon (D)
  3 wandering mushrooms (D)
  A queen bee (D)
  2 tyrant leeches (D)
  A shadow (D)
  3 redbacks (D)
  A spatial vortex (D)
  A necrophage (D)
  2 centaurs (D)
  A water elemental (D)
  30 killer bees (D)
  Crazy Yiuf (D)
  A jelly (D)
  Jessica (D)
  A wizard (D)
  A necromancer (D)
  3 humans (D)
  A kobold demonologist (D)
  2 rats (D)
65 creatures vanquished.

Vanquished Creatures (others)
  2 draconian scorchers (D)
  A hydra (D)
  6 hellions (D)
  2 yaktaurs (D)
  2 killer bees (D)
  3 plants (D)
16 creatures vanquished.

Grand Total: 81 creatures vanquished

Notes
Turn   | Place    | Note
-------+----------+-------------------------------------------
     0 | D        | Kidiri the Deep Elf Fire Elementalist began the quest for the Orb.
     0 | D        | Reached XP level 1. HP: 10/10 MP: 6/6
    70 | D        | Noticed Jessica
    75 | D        | Killed Jessica
    75 | D        | Reached skill level 6 in Spellcasting
    75 | D        | Reached XP level 2. HP: 15/15 MP: 6/11
    79 | D        | Learned a level 2 spell: Throw Flame
   101 | D        | Killed a hellion
   102 | D        | Killed a hellion
   103 | D        | Killed a hellion
   104 | D        | Killed a hellion
   105 | D        | Killed a hellion
   121 | D        | Reached skill level 5 in Fire Magic
   121 | D        | Reached XP level 3. HP: 19/19 MP: 7/13
   126 | D        | Learned a level 3 spell: Conjure Flame
   130 | D        | Learned a level 3 spell: Inner Flame
   152 | D        | Killed a yaktaur
   156 | D        | Killed a hellion
   168 | D        | Noticed Crazy Yiuf
   172 | D        | Killed Crazy Yiuf
   172 | D        | Reached skill level 8 in Spellcasting
   172 | D        | Reached XP level 4. HP: 3/24 MP: 10/16
   183 | D        | Killed a white draconian scorcher
   190 | D        | Killed a white draconian scorcher
   202 | D        | Gained mutation: Your mind is acute. (Int +2) [potion of mutation]
   202 | D        | Gained mutation: You are somewhat resistant to further mutation. [potion of mutation]
   269 | D        | Killed a six-headed hydra
   468 | D        | Noticed a water elemental
   472 | D        | Killed a water elemental
   472 | D        | Reached skill level 9 in Spellcasting
   472 | D        | Reached skill level 5 in Conjurations
   478 | D        | Learned a level 4 spell: Sticky Flame
   509 | D        | Found a radiant altar of Vehumet.
   510 | D        | Found a deep blue altar of Sif Muna.
   510 | D        | Found an ancient bone altar of Kikubaaqudgha.
   510 | D        | Noticed a wizard
   513 | D        | Killed a wizard
   513 | D        | Reached skill level 10 in Spellcasting
   513 | D        | Reached XP level 5. HP: 28/28 MP: 9/19
   530 | D        | Learned a level 5 spell: Fireball
   534 | D        | Learned a level 3 spell: Mephitic Cloud
   542 | D        | Became a worshipper of Vehumet
   581 | D        | Found a glowing silver altar of Zin.
   582 | D        | Found a glowing golden altar of the Shining One.
   582 | D        | Found a white marble altar of Elyvilon.
   582 | D        | Noticed a deep elf mage
   589 | D        | Killed a deep elf mage
   589 | D        | Reached skill level 11 in Spellcasting
   589 | D        | Reached XP level 6. HP: 16/36 MP: 12/22
   589 | D        | Reached XP level 7. HP: 18/40 MP: 13/24
   796 | D        | Found an ornate altar of the Wu Jian Council.
   796 | D        | Found a roughly hewn altar of Beogh.
   796 | D        | Found an iron altar of Okawaru.
   796 | D        | Found a bloodstained altar of Trog.
   796 | D        | Found a hide-covered altar of Uskayaw.
   796 | D        | Noticed a human
   796 | D        | Noticed a human
   805 | D        | Killed a human
   805 | D        | Reached skill level 5 in Dodging
   805 | D        | Reached skill level 12 in Spellcasting
   807 | D        | Killed a human
   807 | D        | Reached * piety under Vehumet
   807 | D        | Offered knowledge of Sting by Vehumet.
  1040 | D        | Found a basalt altar of Yredelemnul.
  1040 | D        | Found a shadowy altar of Dithmenos.
  1040 | D        | Found a sacrificial altar of Ru.
  1089 | D        | Killed a yaktaur
  1157 | D        | Noticed a shadow
  1157 | D        | Killed a shadow
  1157 | D        | Offered knowledge of Searing Ray by Vehumet.
  1157 | D        | Reached XP level 8. HP: 46/46 MP: 20/26
  1157 | D        | Reached ** piety under Vehumet
  1183 | D        | Found a blossoming altar of Fedhas.
  1183 | D        | Found a stormy altar of Qazlal.
  1183 | D        | Found a snail-covered altar of Cheibriados.
  1183 | D        | Found a burning altar of Makhleb.
  1183 | D        | Found a shimmering altar of Xom.
  1184 | D        | Found a hazy altar of Hepliaklqana.
  1184 | D        | Found an opulent altar of Gozag.
  1184 | D        | Found a sparkling altar of Nemelex Xobeh.
  1184 | D        | Found a corrupted altar of Lugonu.
  1184 | D        | Found a viscous altar of Jiyva.
  1203 | D        | Reached skill level 13 in Spellcasting
  1292 | D        | Noticed Snorg
  1300 | D        | Killed Snorg
  1300 | D        | Offered knowledge of Throw Frost by Vehumet.
  1300 | D        | Reached skill level 5 in Short Blades
  1300 | D        | Reached skill level 5 in Air Magic
  1300 | D        | Reached skill level 5 in Poison Magic
  1300 | D        | Reached XP level 9. HP: 34/52 MP: 2/28
  1428 | D        | Learned a level 2 spell: Throw Frost
  1649 | D        | Noticed a centaur warrior
  1655 | D        | Reached skill level 14 in Spellcasting
  1659 | D        | Reached *** piety under Vehumet
  1681 | D        | Killed a centaur warrior
  1681 | D        | Offered knowledge of Ignite Poison by Vehumet.
  1686 | D        | Learned a level 3 spell: Ignite Poison
  1807 | D        | Noticed an unseen horror
  1814 | D        | Killed an unseen horror
  1814 | D        | Reached skill level 5 in Fighting
  1814 | D        | Reached skill level 5 in Armour
  1823 | D        | Noticed an unseen horror
  1899 | D        | Killed an unseen horror
  1899 | D        | Reached skill level 15 in Spellcasting
  1899 | D        | Reached XP level 10. HP: 29/59 MP: 17/31
  2049 | D        | Reached **** piety under Vehumet
  2053 | D        | Offered knowledge of Fulminant Prism by Vehumet.
  2053 | D        | Reached skill level 10 in Fire Magic
  2055 | D        | Reached ***** piety under Vehumet
  2058 | D        | Reached ****** piety under Vehumet
  2193 | D        | Offered knowledge of Airstrike by Vehumet.
  2193 | D        | Reached skill level 10 in Conjurations
  2200 | D        | Learned a level 4 spell: Airstrike
  2200 | D        | Reached skill level 5 in Ice Magic
  2332 | D        | Noticed a spiny frog
  2332 | D        | Noticed a spiny frog
  2337 | D        | Killed a spiny frog
  2352 | D        | Killed a spiny frog
  2352 | D        | Reached skill level 16 in Spellcasting
  2870 | D        | Offered knowledge of Irradiate by Vehumet.
  3063 | D        | Noticed a lindwurm
  3072 | D        | Killed a lindwurm
  3072 | D        | Reached XP level 11. HP: 64/66 MP: 25/33
  3110 | D        | Noticed Urug
  3115 | D        | Slain by Urug

Vault maps used:
D:        dungeon_sprint_mu

Skill      XL: |  1  2  3  4  5  6  7  8  9 10 |
---------------+-------------------------------+-----
Spellcasting   | 6 8 10 11 12 13 15 16 | 16.4
Conjurations   | 3 4 5 7 8 9 10 | 10.5
Fire Magic     | 4 5 6 7 8 9 11 | 11.0
Fighting       | 2 3 4 5 6 |  6.4
Short Blades   | 3 4 5 6 7 |  7.5
Armour         | 2 3 4 5 6 |  6.4
Dodging        | 4 5 7 8 9 |  9.6
Air Magic      | 3 4 5 6 7 |  7.7
Poison Magic   | 3 4 5 7 8 |  8.4
Ice Magic      | 3 6 |  6.0
Stealth        | |  2.4

Action                   |  1- 3 |  4- 6 |  7- 9 | 10-12 || total
-------------------------+-------+-------+-------+-------++-------
Melee: Unarmed           |     1 |       |       |       ||     1
       Dagger            |       |     3 |    17 |    14 ||    34
 Cast: Flame Tongue      |    13 |     5 |    36 |    17 ||    71
       Sticky Flame      |       |     3 |    11 |    12 ||    26
       Conjure Flame     |       |     1 |     2 |     4 ||     7
       Mephitic Cloud    |       |     1 |     4 |    10 ||    15
       Inner Flame       |       |       |     2 |       ||     2
       Fireball          |       |       |     5 |     1 ||     6
       Ignite Poison     |       |       |       |     8 ||     8
       Airstrike         |       |       |       |     3 ||     3
       Throw Flame       |       |       |       |     1 ||     1
  Use: Scroll            |       |     2 |       |       ||     2
       Potion            |       |     1 |       |     2 ||     3
 Stab: Sleeping          |     1 |       |       |       ||     1
       Confused          |       |       |     1 |     1 ||     2
  Eat: Fruit             |       |       |     2 |       ||     2
       Chunk             |       |       |     1 |       ||     1
       Royal jelly       |       |       |       |     2 ||     2
Armor: Robe              |     1 |     2 |     3 |     3 ||     9
Dodge: Dodged            |     3 |     2 |    28 |    32 ||    65

Table legend:
 A = Spawn XP
 B = Non-spawn XP
 C = Spawn XP percentage of total XP
 D = Spawn monster count
 E = Non-spawn monster count
 F = Spawn count percentage of total count
 G = Total turns spent on level
                    A         B        C        D         E        F      G
               +---------+---------+-------+---------+---------+-------+---------
         Total |       0 |   11471 |   0.0 |       0 |      67 |   0.0 |  3115
               +---------+---------+-------+---------+---------+-------+---------
             D |       0 |   11471 |   0.0 |       0 |      67 |   0.0 |  3115
               +---------+---------+-------+---------+---------+-------+---------
